 Dungeon Crawl Stone Soup version 0.29.1-4-g47bece8355 (webtiles) character file.

Game seed: 2252226113219901032

1261 Gabide the Reanimator (level 8, -35/60 HPs)
             Began as a Mummy Necromancer on Dec 7, 2022.
             Killed from afar by Maggie (45 damage)
             ... with a bolt of fire
             ... on level 6 of the Dungeon.
             The game lasted 00:14:36 (7117 turns).

Gabide the Reanimator (Mummy Necromancer)           Turns: 7117, Time: 00:14:39

Health: -35/60     AC:  9    Str: 12    XL:     8   Next: 27%
Magic:  6/12       EV: 12    Int: 22    God:
Gold:   304        SH:  0    Dex: 12    Spells: 5/13 levels left

rFire   x . .      SeeInvis .   b - +2 shortbow (vorpal)
rCold   + . .      Faith    .   (shield currently unavailable)
rNeg    + + +      Spirit   .   o - +0 leather armour
rPois   ∞          Reflect  .   (no helmet)
rElec   .          Harm     .   (no cloak)
rCorr   .          Rampage  .   d - +2 pair of gloves
Will    ++...                   f - +2 pair of boots
Stlth   ++........              (no amulet)
HPRegen 0.20/turn               q - ring of willpower
MPRegen 0.13/turn               c - +6 ring of intelligence

@: about to teleport
A: cold resistance 1, negative energy resistance 3, torment resistance 2, heat
vulnerability 1, in touch with death 1, no potions
a: no special abilities


You were on level 6 of the Dungeon.
You visited 1 branch of the dungeon, and saw 6 of its levels.

You collected 304 gold pieces.

Inventory:

Hand Weapons
 a - a +3 mace of protection
 b - a +2 vorpal shortbow (weapon)
Missiles
 g - 3 silver boomerangs
 h - 3 atropa-tipped darts
Armour
 d - a +2 pair of gloves (worn)
 f - a +2 pair of boots (worn)
 o - a +0 leather armour (worn)
Jewellery
 c - a +6 ring of intelligence (right hand)
 q - a ring of willpower (left hand)
Wands
 u - a wand of iceblast (9)
Scrolls
 e - a scroll of brand weapon {unknown}
 i - 3 scrolls of immolation
 j - a scroll of summoning
 k - a scroll of amnesia {unknown}
 l - 4 scrolls of vulnerability
 m - a scroll of fear {unknown}
 n - 3 scrolls of teleportation
 r - a scroll of noise {unknown}
 s - a scroll of enchant armour
 t - a scroll of identify
 v - a scroll of blinking


   Skills:
 + Level 3.9 Fighting
 - Level 2.0 Armour
 - Level 3.0 Dodging
 - Level 2.0 Stealth
 - Level 3.0 Unarmed Combat
 - Level 3.0 Spellcasting
 - Level 8.0 Necromancy


You had 5 spell levels left.
You knew the following spells:

 Your Spells              Type           Power      Damage    Failure   Level
a - Necrotise             Necr           100%       1d9       1%          1
b - Vampiric Draining     Necr           55%        2d9       1%          3
c - Animate Dead          Necr           55%        N/A       6%          4

Your spell library contained the following spells:

 Spells                   Type           Power      Damage    Failure   Level
 Agony                    Necr           55%        N/A       16%         5
 Confusing Touch          Hex            3%         N/A       43%         3
 Gell's Gravitas          Tloc           3%         N/A       43%         3
 Ignite Poison            Fire/Tmut/Pois 3%         N/A       43%         3
 Mephitic Cloud           Conj/Pois/Air  3%         N/A       43%         3
 Teleport Other           Tloc           3%         N/A       43%         3
 Freezing Cloud           Conj/Ice/Air   1%         6-21      99%         5
 Summon Forest            Summ/Tloc      1%         N/A       99%         5
 Summon Mana Viper        Hex/Summ       3%         N/A       99%         5
 Yara's Violent Unravell  Hex/Tmut       1%         3d3       99%         5
 Dispersal                Tloc           1%         N/A       100%        6
 Summon Cactus Giant      Summ           1%         N/A       100%        6
 Enfeeble                 Hex            1%         N/A       100%        7
 Disjunction              Tloc           1%         N/A       100%        8


Dungeon Overview and Level Annotations

Branches:
Dungeon (6/15)
 Temple: D:4-7

Altars:
Hepliaklqana
Qazlal
Uskayaw

Annotations:
D:6 Maggie


Innate Abilities, Weirdness & Mutations

You are immune to poison.
Your flesh is cold resistant. (rC+)
You are immune to negative energy. (rN+++)
You are immune to unholy pain and torment.
You are vulnerable to heat. (rF-)
You are in touch with the powers of death.
You do not drink.


Message History

Maggie the Vainglorious comes into view.
She is wielding a +0 war axe of flaming and carrying a wand of polymorph (11).
Maggie shouts!
A jelly comes into view.
Maggie says, "How do the people who live here stand the isolation?"
Maggie moves out of view.
You shoot an arrow. The arrow hits the jelly.
The jelly is moderately wounded.
You hear an angry hiss.
Your orc zombie hits the jelly.
Your orc zombie is burned by acid!
Casting: Vampiric Draining (safe; 1% risk of failure)
Confirm with . or Enter, or press ? or * to list all spells.
Aiming: Vampiric Draining (safe; 1% risk of failure)
Press: ? - help, Shift-Dir - straight line, f/p - jelly
Aim: a jelly (moderately wounded, ally target)
You feel a surge of power!
You draw life force from the jelly!
The jelly hits you but does no damage.
Your orc zombie hits the jelly.
Your orc zombie is burned by acid!
Casting: Vampiric Draining (safe; 1% risk of failure)
Confirm with . or Enter, or press ? or * to list all spells.
Aiming: Vampiric Draining (safe; 1% risk of failure)
Press: ? - help, Shift-Dir - straight line, f/p - jelly
Aim: a jelly (almost dead, ally target)
You feel a surge of power!
You draw life force from the jelly.
You kill the jelly!
Maggie gestures at you while chanting. The bolt of fire hits you!!!
The fire burns you terribly!
Ouch! That really hurt!
* * * LOW HITPOINT WARNING * * *
You swap places.
Maggie gestures wildly while chanting.
Maggie attempts to bespell you! You resist with almost no effort.
An iguana comes into view.
As you read the scroll of teleportation, it crumbles to dust.
You feel strangely unstable. Maggie gestures at you while chanting.
The bolt of fire misses your orc zombie.
The bolt of fire hits you!!! The fire burns you terribly!
Ouch! That really hurt!
You die...

#.## ## ..# #.. ...
#...###.# ...../#.##
......l@.# #ZZ# #..#
#@Z#######. #..........
##.######## #.# #.#
#....
##.####.###########...
...<.............##..#
##.#####.#####.......##
#.#####.# #.....


You could see Maggie (ally target), an iguana and 3 friendly orc zombies.

Vanquished Creatures
  Duvessa (D:5)
  An ice beast (D:3)
  An ogre (D:5)
  2 phantoms (D:5)
  A scorpion (D:3)
  Dowan (D:5)
  3 killer bees
  A jelly (D:6)
  4 orc priests
  2 hounds
  A gnoll bouda (D:6)
  3 iguanas (D:4)
  Terence (D:3)
  An orc wizard (D:3)
  5 gnolls (D:6)
  4 adders
  A worm (D:4)
  5 dart slugs
  29 orcs
  4 ball pythons
  3 bats
  5 endoplasms
  3 giant cockroaches
  7 goblins
  9 hobgoblins
  15 jackals
  3 quokkas
  4 frilled lizards
  5 kobolds
  4 rats
129 creatures vanquished.

Vanquished Creatures (collateral kills)
  A worm (D:3)
  2 endoplasms
  A goblin (D:4)
  A hobgoblin (D:1)
5 creatures vanquished.

Vanquished Creatures (others)
  A hound zombie (D:5)
  An orc zombie (D:6)
  5 plants (D:2)
7 creatures vanquished.

Grand Total: 141 creatures vanquished

Notes
Turn   | Place    | Note
-------+----------+-------------------------------------------
     0 | D:1      | Gabide the Mummy Necromancer began the quest for the Orb.
     0 | D:1      | Reached XP level 1. HP: 13/13 MP: 4/4
    99 | D:1      | Reached skill level 1 in Fighting
    99 | D:1      | Reached XP level 2. HP: 21/21 MP: 0/5
   188 | D:1      | Found a faded altar of an unknown god.
   623 | D:1      | Gained mutation: You are in touch with the powers of death.
                  | [Mummy growth]
   623 | D:1      | Reached XP level 3. HP: 15/27 MP: 0/7
   872 | D:1      | Reached skill level 1 in Unarmed Combat
   999 | D:1      | Learned a level 3 spell: Vampiric Draining
  1050 | D:2      | Found a hazy altar of Hepliaklqana.
  1891 | D:3      | Reached XP level 4. HP: 17/33 MP: 0/8
  1906 | D:3      | Noticed a scorpion
  1919 | D:3      | Killed a scorpion
  1920 | D:3      | Reached skill level 5 in Necromancy
  1920 | D:3      | Reached XP level 5. HP: 21/38 MP: 1/9
  2184 | D:3      | Noticed Terence
  2193 | D:3      | Killed Terence
  2612 | D:3      | Identified the +1 ring mail of Vahou {rPois}
  2747 | D:3      | Reached skill level 6 in Necromancy
  2842 | D:3      | Noticed an ice beast
  2856 | D:3      | Killed an ice beast
  2857 | D:3      | Reached XP level 6. HP: 44/47 MP: 1/10
  3493 | D:4      | Learned a level 4 spell: Animate Dead
  3535 | D:4      | Noticed a water elemental
  3538 | D:4      | Found a stormy altar of Qazlal.
  3542 | D:4      | Noticed an air elemental
  3542 | D:4      | Noticed a fire elemental
  4129 | D:4      | Identified the +1 leather armour of the Camelopard {Harm
                  | Str+2 Int+3 Slay-4}
  4266 | D:4      | Reached XP level 7. HP: 52/52 MP: 8/11
  4993 | D:5      | Entered Level 5 of the Dungeon
  5626 | D:5      | Noticed Dowan
  5627 | D:5      | Noticed Duvessa
  5642 | D:5      | Killed Duvessa
  5643 | D:5      | Reached skill level 7 in Necromancy
  5645 | D:5      | Killed Dowan
  6098 | D:5      | Found a hide-covered altar of Uskayaw.
  6132 | D:5      | Reached skill level 8 in Necromancy
  6132 | D:5      | Reached XP level 8. HP: 58/58 MP: 0/12
  6469 | D:5      | Reached skill level 1 in Armour
  7110 | D:6      | Noticed Maggie
  7117 | D:6      | Killed from afar by Maggie

Illustrated notes

Levels and vault maps discovered:
D:1:      wander_arrival_fairy_ring, layout_basic,
          hellmonk_ecumenical_altar_crossroads,
          nicolae_concentric_dashed_squares_wild
D:2:      layout_loops_ring, basic_altar, serial_bayou_lake_a
D:3:      layout_basic, uniq_terence
D:4:      layout_layer_cave, nicolae_qazlal_style_of_elements,
          nicolae_kite_square_tiling_tiny, nrook_mini_backslash
D:5:      layout_layer_cave, nicolae_uskayaw_murder_on_the_dancefloor,
          grunt_ministairs_7, uniq_duvessa
D:6:      layout_loops_ring, mainiacjoe_overflow_small_starburst, temple_green,
          uniq_maggie

Skill      XL: |  1  2  3  4  5  6  7  8 |
---------------+-------------------------+-----
Dodging        | 2 3 |  3.0
Fighting       | 1 2 3 |  3.9
Unarmed Combat | 2 3 |  3.0
Necromancy     | 5 6 8 |  8.0
Stealth        | 2 |  2.0
Spellcasting   | 3 |  3.0
Armour         | 2 |  2.0

Action                   |  1- 3 |  4- 6 |  7- 9 || total
-------------------------+-------+-------+-------++-------
Melee: Unarmed           |    18 |       |       ||    18
       Mace              |     2 |    28 |    64 ||    94
       Punch             |       |       |     1 ||     1
 Fire: Shortbow          |       |       |    30 ||    30
Throw: Dart              |       |     2 |       ||     2
 Cast: Necrotise         |    76 |    85 |    58 ||   219
       Vampiric Draining |       |     2 |    11 ||    13
       Animate Dead      |       |       |     4 ||     4
Evoke: Wand              |       |     3 |     2 ||     5
  Use: Scroll            |       |     6 |     4 ||    10
Armor: Robe              |     5 |    20 |    34 ||    59
       Leather armour    |       |       |    30 ||    30
Dodge: Dodged            |    14 |    28 |    87 ||   129
